 Dungeon Crawl Stone Soup version 0.18.1-5-g4a78601 (webtiles) character file.

128 Scarto the Skirmisher (level 4, -8/37 HPs)
             Began as a Demonspawn Fighter on May 12, 2016.
             Mangled by Sigmund
             ... wielding a +0 scythe of slicing
              (10 damage)
             ... on level 3 of the Dungeon.
             The game lasted 00:03:04 (1760 turns).

Scarto the Skirmisher (Demonspawn Fighter)          Turns: 1760, Time: 00:03:05

Health: -8/37      AC:  8    Str: 22    XL:     4   Next: 87%
Magic:  4/4        EV:  7    Int: 10    God:
Gold:   221        SH:  9    Dex: 12    Spells: 0 memorised, 3 levels left

rFire  . . .     SeeInvis .     a - +1 war axe
rCold  + . .     Gourm    .     b - +0 scale mail
rNeg   . . .     Faith    .     c - +0 shield
rPois  .         Spirit   .     (no helmet)
rElec  .         Dismiss  .     (no cloak)
rCorr  +         Reflect  .     (no gloves)
SustAt .         Harm     .     (no boots)
MR     .....                    (no amulet)
Stlth  ..........               (no ring)
                                i - ring of resist corrosion

@: mighty, lethally poisoned (-8 -> -11), not resistant to hostile enchantments,
extremely unstealthy
A: thin metallic scales 1, cold resistance 1
a: no special abilities


You were on level 3 of the Dungeon.
You were not hungry.

You visited 1 branch of the dungeon, and saw 3 of its levels.

You collected 221 gold pieces.

Inventory:

Hand Weapons
 a - a +1 war axe (weapon)
Armour
 b - a +0 scale mail (worn)
 c - a +0 shield (worn)
Jewellery
 i - a ring of resist corrosion (left hand)
Scrolls
 j - 3 scrolls of teleportation
 n - 3 scrolls of amnesia {unknown}
Potions
 e - 2 potions of degeneration {unknown}
 k - a potion of curing {unknown}
 m - a potion of heal wounds {unknown}
Comestibles
 f - 4 bread rations
 g - a beef jerky
 h - a royal jelly
 l - a meat ration


   Skills:
 + Level 3.7 Fighting
 + Level 3.1 Axes
 + Level 3.4 Armour
 + Level 3.1 Shields


You had 3 spell levels left.
You didn't know any spells.

Dungeon Overview and Level Annotations

Branches:
Dungeon (3/15)

Altars:

Annotations:
D:3 Sigmund


Innate Abilities, Weirdness & Mutations

You are partially covered in thin metallic scales (AC +2).
Your flesh is cold resistant.


Message History

Sigmund hits you with a scythe of slicing.
You closely miss Sigmund. You slash the adder!
You kill the adder!
You feel sick. You block Sigmund's attack.
You closely miss Sigmund.
Sigmund hits you with a scythe of slicing.
You closely miss Sigmund.
Sigmund hits you with a scythe of slicing.
You slash Sigmund!
Sigmund is moderately wounded.
You feel sick.
Sigmund hits you with a scythe of slicing!
You slash Sigmund!
Sigmund is almost dead.
Sigmund hits you with a scythe of slicing!
* * * LOW HITPOINT WARNING * * *
x2 You closely miss Sigmund.
Sigmund is almost dead.
Sigmund hits you with a scythe of slicing!
You die...

#...# # #.### # #.
#.# #. .### #.# ###.#
.?# ###.#####
#.....#.# #..(....#
#.....#.#####.#####.#
.......)......# #.#
.....#@#####.# #.#
... #@# #.# #.# # #.#
#.#####.# #.#
#.[.....# #.#
##.#.#### #.#
#....###### #.#
#.......... #.#
##...###### ##.####


You could see Sigmund.

Vanquished Creatures
  An iguana (D:3)
  3 adders (D:3)
  4 worms
  2 giant geckos
  6 orcs (D:3)
  4 giant cockroaches
  6 goblins
  9 hobgoblins
  4 jackals (D:1)
  A quokka (D:2)
  3 bats
  3 kobolds
  8 rats
54 creatures vanquished.

Notes
Turn   | Place    | Note
--------------------------------------------------------------
     0 | D:1      | Scarto the Demonspawn Fighter began the quest for the Orb.
     0 | D:1      | Reached XP level 1. HP: 18/18 MP: 1/1
    81 | D:1      | Gained mutation: You are partially covered in thin metallic scales (AC +2). [demonic ancestry]
    81 | D:1      | Reached XP level 2. HP: 19/24 MP: 2/2
   696 | D:2      | Reached XP level 3. HP: 19/29 MP: 3/3
  1263 | D:3      | Gained mutation: Your flesh is cold resistant. [demonic ancestry]
  1263 | D:3      | Reached XP level 4. HP: 35/35 MP: 4/4
  1745 | D:3      | Noticed Sigmund
  1759 | D:3      | HP: 1/37 [Sigmund/scythe of slicing (3)]
  1760 | D:3      | Mangled by Sigmund

Skill      XL: |  1  2  3  4 |
---------------+-------------+-----
Axes           | 2 3 |  3.1
Armour         | 3 |  3.4
Shields        | 3 |  3.1
Fighting       | |  3.7

Action                   |  1- 3 |  4- 6 || total
-------------------------+-------+-------++-------
Melee: War axe           |   129 |    53 ||   182
  Use: Scroll            |     5 |       ||     5
       Potion            |     1 |     2 ||     3
  Eat: Chunk             |       |     3 ||     3
Armor: Scale mail        |    79 |    26 ||   105
Dodge: Dodged            |    51 |    20 ||    71
Block: Shield            |    73 |    31 ||   104
